 Dungeon Crawl Stone Soup version 0.28.0-56-g4927b6849a (webtiles) character file.

Game seed: 12460394246933069014

99 Atelerd the Sneak (level 4, -4/27 HPs)
             Began as an Octopode Earth Elementalist on Jan 29, 2023.
             Slain by a gnoll
             ... wielding a +0 whip
              (8 damage)
             ... on level 2 of the Dungeon.
             The game lasted 00:01:45 (2411 turns).

Atelerd the Sneak (Octopode Earth Elementalist)     Turns: 2411, Time: 00:01:45

Health: -4/27      AC:  1    Str:  7    XL:     4   Next: 72%
Magic:  8/8        EV: 13    Int: 19    God:
Gold:   83         SH:  0    Dex: 12    Spells: 7/8 levels left

rFire   . . .      SeeInvis .   c - +0 short sword
rCold   . . .      Faith    .   (no shield)
rNeg    . . .      Spirit   .   (helmet restricted)
rPois   .          Reflect  .   (no amulet)
rElec   .          Harm     .   (no ring)
rCorr   .          Rampage  .   (no ring)
Will    .....                   (no ring)
Stlth   +++.......              (no ring)
HPRegen 0.09/turn               (no ring)
MPRegen 0.11/turn               (no ring)
                                (no ring)
                                (no ring)

@: no status effects
A: almost no armour, amphibious, 8 rings, camouflage 1, gelatinous body 1,
(nimble swimmer 1), tentacles
a: no special abilities


You were on level 2 of the Dungeon.
You visited 1 branch of the dungeon, and saw 3 of its levels.

You collected 83 gold pieces.

Inventory:

Hand Weapons
 c - a +0 short sword (weapon)
Missiles
 b - 64 stones
Scrolls
 a - 3 scrolls of identify {unknown}
 e - a scroll of summoning {unknown}
 h - 2 scrolls of vulnerability {unknown}
 i - 2 scrolls of teleportation {unknown}
 j - a scroll of torment {unknown}
 n - a scroll of enchant armour {unknown}
Potions
 d - a potion of haste {unknown}
 f - a potion of magic {unknown}
 g - a potion of resistance {unknown}
 k - a potion of lignification {unknown}
 l - 2 potions of curing {unknown}
 m - a potion of degeneration {unknown}
 o - 2 potions of cancellation {unknown}
 p - a potion of might {unknown}


   Skills:
 - Level 0.2 Fighting
 - Level 1.1 Short Blades
 - Level 2.0 Dodging
 + Level 3.7 Stealth
 + Level 2.9 Spellcasting
 * Level 1.7 Transmutations
 + Level 3.6 Earth Magic


You had 7 spell levels left.
You knew the following spells:

 Your Spells              Type           Power      Damage    Failure   Level
a - Sandblast             Erth           32%        2d9       3%          1

Your spell library contained the following spells:

 Spells                   Type           Power      Damage    Failure   Level
 Passwall                 Tmut/Erth      10%        N/A       8%          2
 Stone Arrow              Conj/Erth      18%        3d8       22%         3
 Petrify                  Tmut/Erth      12%        N/A       45%         4


Dungeon Overview and Level Annotations

Branches:
Dungeon (3/15)

Altars:


Innate Abilities, Weirdness & Mutations

You cannot wear most types of armour.
You are amphibious.
You can wear up to eight rings at the same time.
Your skin changes colour to match your surroundings (Stealth+).
Your rubbery body absorbs attacks. (AC +1, EV +1)
((You are camouflaged when in or above water. (Stealth+)))
You have tentacles for arms and can constrict up to eight enemies at once.


Message History

The helpless hobgoblin fails to defend itself.
You puncture the hobgoblin!
You kill the hobgoblin!
You see here a hobgoblin corpse.
Key pressed, stopping explore.
No target in view!
No target in view! 2 gnolls come into view.
A gnoll comes into view. It is wielding a +0 spear.
The gnoll shouts!
There are monsters nearby!
There are monsters nearby!
There are monsters nearby!
The blast of sand hits the gnoll!
The gnoll is severely wounded.
The gnoll shouts!
The gnoll barely misses you.
The blast of sand hits the gnoll but does no damage.
The gnoll is severely wounded.
The gnoll closely misses you.
The blast of sand hits the gnoll!
You kill the gnoll!
The gnoll throws a throwing net.
The throwing net hits you.
You become entangled in the net!
You see here a throwing net.
You struggle against the net.
You struggle against the net.
The gnoll hits you with a +0 whip!
You struggle against the net.
The gnoll hits you from afar with a +0 spear.
The gnoll barely misses you.
You struggle against the net.
The gnoll barely misses you. x2
You rip the net and break free!
The gnoll barely misses you. The gnoll hits you with a +0 whip.
Found an escape hatch in the floor.
There is an escape hatch in the ceiling here.
The gnoll hits you with a +0 whip.
* * * LOW HITPOINT WARNING * * *
A mysterious force pulls you upwards. The hatch slams shut behind you.
The gnoll hits you with a +0 whip!
You die...

.#)#....###..###..###..#
.#.#..#...#....#.[#....#
........###.[###..###..#
......#................#
.#.#....###..###..###..#
##.####.#.#..#....#.#..#
##.# #.#.#..###..#.#..#
...# #................#
#### #.###..#.#@.###.##
#.#....#.#.g#.#.#
#.###..###..#.#.#
#...............#
#################


You could see a gnoll.

Vanquished Creatures
  A gnoll (D:3)
  3 adders
  An adder skeleton (D:2)
  A worm (D:1)
  2 dart slugs (D:1)
  4 ball pythons
  3 bats
  6 endoplasms
  2 giant cockroaches (D:1)
  4 goblins
  7 hobgoblins
  7 kobolds
  A quokka (D:2)
  8 frilled lizards
  2 rats
52 creatures vanquished.

Notes
Turn   | Place    | Note
-------+----------+-------------------------------------------
     0 | D:1      | Atelerd the Octopode Earth Elementalist began the quest for
                  | the Orb.
     0 | D:1      | Reached XP level 1. HP: 11/11 MP: 3/3
   289 | D:1      | Reached XP level 2. HP: 11/17 MP: 3/5
   812 | D:1      | Reached XP level 3. HP: 21/21 MP: 6/6
   967 | D:1      | Found a faded altar of an unknown god.
  1537 | D:2      | Reached skill level 1 in Short Blades
  1691 | D:2      | Reached XP level 4. HP: 27/27 MP: 6/8
  2411 | D:2      | Slain by a gnoll

Illustrated notes

Levels and vault maps discovered:
D:1:      dpeg_arrival_brainrot, layout_loops_cross,
          shapermc_ecumenical_altar_mp_ritualfount,
          wander_ebering_terrifying_dragon_lair
D:2:      layout_loops_ring, minmay_misc_feat_nine_boxes
D:3:      layout_rooms, uniq_robin, uniq_crazy_yiuf_cottage, uniq_sigmund,
          uniq_ijyb

Skill      XL: |  1  2  3 |
---------------+----------+-----
Stealth        | 3 |  3.7
Short Blades   | 1 |  1.1
Fighting       | |  0.2
Dodging        | |  2.0
Spellcasting   | |  2.9
Transmutations | |  1.7
Earth Magic    | |  3.6

Action                   |  1- 3 |  4- 6 || total
-------------------------+-------+-------++-------
Melee: Constrict         |    13 |     1 ||    14
       Short sword       |    38 |    11 ||    49
       Unarmed           |     3 |       ||     3
       Tentacles         |     8 |     1 ||     9
       Punch             |     1 |       ||     1
 Cast: Sandblast         |    23 |    14 ||    37
 Stab: Sleeping          |     9 |     4 ||    13
Armor: Skin              |     3 |     3 ||     6
Dodge: Dodged            |    31 |    17 ||    48
